 Dungeon Crawl Stone Soup version 0.18-a0-1577-gf591c28 (webtiles) character file.

32 Sixotanaka the Insei (level 2, -2/24 HPs)
             Began as a Demigod Wanderer on Mar 17, 2016.
             Slain by a hobgoblin (3 damage)
             ... on level 1 of the Dungeon.
             The game lasted 00:03:45 (2195 turns).

Sixotanaka the Insei (Demigod Wanderer)             Turns: 2195, Time: 00:03:45

Health: -2/24      AC:  0    Str: 13    XL:     2   Next: 93%
Magic:  4/4        EV: 11    Int: 15    God:
Gold:   67         SH:  0    Dex: 18    Spells: 0 memorised, 1 level left

rFire  . . .     SeeInvis .     i - +0 short sword
rCold  . . .     Gourm    .     (no armour)
rNeg   . . .     Faith    .     (no shield)
rPois  .         Spirit   .     (no helmet)
rElec  .         Dismiss  .     (no cloak)
rCorr  .         Reflect  .     (no gloves)
SustAt +         Harm     .     (no boots)
MR     .....                    (no amulet)
Stlth  ++........               (no ring)
                                (no ring)

@: not resistant to hostile enchantments, unstealthy
A: high mp 1, sustain attributes
a: no special abilities


You were on level 1 of the Dungeon.
You were not hungry.

You visited 1 branch of the dungeon, and saw 1 of its levels.

You collected 67 gold pieces.


Innate Abilities, Weirdness & Mutations

You have an increased reservoir of magic (+10% MP).
Your attributes are resistant to harm.


   Skills:
 - Level 1.7 Fighting
   Level 1.7 Polearms
 - Level 1.0 Throwing
 - Level 1.0 Stealth
   Level 1.0 Shields
 + Level 3.9 Unarmed Combat


You had one spell level left.
You didn't know any spells.

Dungeon Overview and Level Annotations

Branches:
Dungeon (1/15)

Inventory:

Hand Weapons
 e - a +0 dagger
 i - a +0 short sword (weapon)
Armour
 d - a +0 robe
 k - a +0 chain mail
Scrolls
 c - a scroll of teleportation {@r4}
 g - a scroll of random uselessness {unknown}
 h - 3 scrolls of remove curse {unknown}
Potions
 a - 2 potions of haste {@q3}
 b - a potion of lignification {!q}
Comestibles
 f - a bread ration
 j - 2 chunks of flesh

#....##.......# #####
##...#####...).####...######
#.).#.###.#.................
#.####.#.###...####...######
#.## ##.## ##..# #####
#######.###.#.###.#.#
(..(.###.#.#.#.#.#########
####..###.#.<.#r###......#
#.###.#.#.#.#@##.g....#
#.##.###.#.###g#.###..#
#...## ##.## ##..# #..#
#.### ##.#.###...#
#..######## #.#
##.###.#..### #..........
####.# #.#####..##
#.######### .....# #.#.#
#### #.# .##### #...#
#.##### .# ###.# #.....#


You could see a quokka and a hobgoblin.


Message History

A kobold is nearby!
A kobold is nearby!
You closely miss the kobold.
The kobold shouts!
You punch the kobold, but do no damage. The kobold barely misses you.
You hit the kobold but do no damage. The kobold hits you with a mace.
You barely miss the kobold. The kobold closely misses you.
You hit the kobold.
You kill the kobold!
No target in view!
No target in view!
h - 3 scrolls labeled ROAMEZ NAWIE (gained 1)
You now have 67 gold pieces (gained 52).
Things that are here:
a mace; a chain mail; a kobold corpse You start resting.
Some of the chunks of flesh in your inventory have rotted away.
Eating a chunk of flesh.
You continue eating. x2
Done exploring.
Search for what [? for help]? armour The rat is too close now for your liking.
You closely miss the rat. The rat barely misses you. The rat misses you.
You hit the rat.
You kill the rat!
No target in view!
You see here a rat corpse.
You butcher the rat corpse.
j - a chunk of flesh You see here a rat skeleton.
(D) Dungeon
Where to? (Enter - D:1 @ (x,y), ? - help)
A hobgoblin comes into view.
A giant newt comes into view.
The giant newt bites you.
There is a staircase leading out of the dungeon here.
You hit the giant newt. The giant newt misses you.
You miss the giant newt. The giant newt bites you.
You miss the giant newt. The giant newt bites you.
You hit the giant newt.
You kill the giant newt!
No target in view!
You see here a giant newt corpse.
You butcher the giant newt corpse.
j - 2 chunks of flesh (gained 1)
(D) Dungeon
Where to? (Enter - D:1 @ (x,y), ? - help)
The hobgoblin is too close now for your liking.
Things that are here:
a mace; a chain mail; a kobold skeleton
k - a chain mail Wear which item? (? for menu, Esc to quit)
The hobgoblin shouts!
Keep disrobing?
You start removing your armour.
You continue taking off your +0 robe. x3
The hobgoblin barely misses you.
You continue taking off your +0 robe.
The hobgoblin hits you but does no damage.
You finish taking off your +0 robe.
You hit the hobgoblin but do no damage. The hobgoblin hits you. x2
* * * LOW HITPOINT WARNING * * *
You closely miss the hobgoblin. The hobgoblin hits you.
* * * LOW HITPOINT WARNING * * *
A quokka comes into view.
You closely miss the quokka. The quokka misses you. The hobgoblin hits you.
* * * LOW HITPOINT WARNING * * *
You hit the quokka but do no damage. The quokka bites you.
* * * LOW HITPOINT WARNING * * *
The hobgoblin hits you.
You die...

Action                   || total
-------------------------++-------
Melee: Dagger            ||    34
       Short sword       ||    74
 Stab: Sleeping          ||     1
  Eat: Chunk             ||     4

Vault maps used:
D:1:      minmay_arrival_diagonal_passages

Notes
Turn   | Place    | Note
--------------------------------------------------------------
     0 | D:1      | Sixotanaka the Demigod Wanderer began the quest for the Orb.
     0 | D:1      | Sixotanaka set off with: 2 potions of haste {@q3}, a potion of lignification {!q}, a scroll of teleportation {@r4}, a +0 robe, a +0 dagger, a bread ration
     0 | D:1      | Reached XP level 1. HP: 17/17 MP: 3/3
   226 | D:1      | HP: 4/17 [hobgoblin/club (4)]
   392 | D:1      | Reached skill level 3 in Unarmed Combat
   955 | D:1      | Reached XP level 2. HP: 9/24 MP: 4/4
  1058 | D:1      | HP: 5/24 [kobold/mace (5)]
  1190 | D:1      | HP: 6/24 [hobgoblin (2)]
  1509 | D:1      | Noticed an ogre
  2150 | D:1      | HP: 6/24 [hobgoblin (4)]
  2194 | D:1      | HP: 5/24 [hobgoblin (5)]
  2195 | D:1      | HP: 1/24 [quokka (4)]
  2195 | D:1      | Slain by a hobgoblin

Vanquished Creatures
  2 dart slugs (D:1)
  A giant gecko (D:1)
  A ball python (D:1)
  2 giant cockroaches (D:1)
  2 goblins (D:1)
  4 hobgoblins (D:1)
  2 giant newts (D:1)
  6 kobolds (D:1)
  5 rats (D:1)
25 creatures vanquished.
